 Dungeon Crawl Stone Soup version 0.28.0-53-g5a82cb258f (webtiles) character file.

Game seed: 17306920373443292877

131 DemonSlayer the Firebug (level 4, -1/31 HPs)
             Began as a Demonspawn Fire Elementalist on Aug 8, 2022.
             Killed from afar by an orc wizard (5 damage)
             ... with a magic dart
             ... on level 3 of the Dungeon.
             The game lasted 00:06:14 (3273 turns).

DemonSlayer the Firebug (DsFE)                      Turns: 3273, Time: 00:06:15

Health: -1/31      AC:  5    Str:  8    XL:     4   Next: 91%
Magic:  5/8        EV: 12    Int: 24    God:
Gold:   115        SH:  0    Dex: 14    Spells: 3/9 levels left

rFire   . . .      SeeInvis .   f - +2 short sword (venom)
rCold   . . .      Faith    .   (no shield)
rNeg    . . .      Spirit   .   a - +0 robe
rPois   .          Reflect  .   (no helmet)
rElec   .          Harm     .   (no cloak)
rCorr   .          Rampage  .   (no gloves)
Will    .....                   c - +0 pair of boots
Stlth   +.........              (no amulet)
HPRegen 0.10/turn               k - +6 ring of intelligence
MPRegen 0.11/turn               (no ring)

@: confused
A: slimy green scales 1
a: no special abilities


You were on level 3 of the Dungeon.
You visited 1 branch of the dungeon, and saw 3 of its levels.

You collected 115 gold pieces.

Inventory:

Hand Weapons
 f - a +2 short sword of venom (weapon)
 h - a +3 hunting sling
Missiles
 l - 13 stones
Armour
 a - a +0 robe (worn)
 c - a +0 pair of boots (worn)
Jewellery
 k - a +6 ring of intelligence (left hand)
Scrolls
 b - 2 scrolls of identify {unknown}
 d - a scroll of holy word {unknown}
 e - a scroll of fear {unknown}
 g - 2 scrolls of teleportation {unknown}
 i - a scroll of noise {unknown}
Potions
 j - a potion of flight {unknown}


   Skills:
 + Level 0.3 Fighting
 + Level 0.8 Short Blades
 + Level 1.0 Slings
 + Level 2.0 Dodging
 + Level 1.9 Stealth
 + Level 3.0 Spellcasting
 + Level 2.0 Conjurations
 + Level 3.5 Fire Magic


You had 3 spell levels left.
You knew the following spells:

 Your Spells              Type           Power      Damage    Failure   Level
a - Foxfire               Conj/Fire      64%        2x1d7     3%          1
b - Scorch                Fire           40%        2d7       3%          2
c - Conjure Flame         Conj/Fire      16%        6-21      11%         3

Your spell library contained the following spells:

 Spells                   Type           Power      Damage    Failure   Level
 Inner Flame              Hex/Fire       12%        N/A       16%         3
 Flame Wave               Conj/Fire      16%        2d6       34%         4


Dungeon Overview and Level Annotations

Branches:
Dungeon (3/15)

Altars:

Shops:
D:1 ?(**=


Innate Abilities, Weirdness & Mutations

You are partially covered in slimy green scales. (AC +2)


Message History

The orc wizard shouts!
You hear a shout! x2
Your magical contamination has completely faded away.
Your +2 short sword of venom begins to drip with poison!
f - a +2 short sword of venom (weapon)
The orc wizard casts a spell.
The orc wizard flickers and vanishes!
Deactivating autopickup; reactivate with Ctrl-A.
The frilled lizard unfolds its giant frill.
The orc hits you with a +0 whip.
You are confused.
The orc completely misses you.
The frilled lizard bites you but does no damage.
You miss the orc. The orc hits you with a +0 whip.
The frilled lizard closely misses you.
You hit the frilled lizard.
You kill the frilled lizard!
The orc closely misses you.
You hear some strange, mumbled words.
You are more confused.
You closely miss the orc. The orc hits you with a +0 whip.
Something hits you but does no damage. The orc closely misses you.
You hit the orc.
The orc is poisoned.
The orc is heavily wounded.
The orc misses you. Something hits you. The orc hits you with a +0 whip.
* * * LOW HITPOINT WARNING * * *
There is a stone staircase leading up here.
You feel less confused. The orc completely misses you.
You hear some strange, mumbled words.
You are confused.
In your confused state, you trip and fall back down the stairs.
* * * LOW HITPOINT WARNING * * *
The orc hits you with a +0 whip.
* * * LOW HITPOINT WARNING * * *
You hear some strange, mumbled words.
A magic dart appears from out of thin air!
The magic dart hits you.
You die...

##........## #..........#
#..........# #.....(....#
#..........# ##
#....).....########.
##).......##........
##...........####..#
#..@........[.....##
###.{o........####### ######
##..............##..##
.....#####...#....##..##..##...##
.....##....###....##..##........#
.....#...# ##...######..###....
.........# #....# #..####...
..)..##..# ###.#..# #..#....†.
.<.÷.)...###......# #......#..


You could see an orc (very poisoned).

Vanquished Creatures
  An orc priest (D:3)
  4 adders
  2 worms
  A dart slug (D:1)
  5 orcs (D:3)
  5 bats
  4 endoplasms
  2 giant cockroaches (D:1)
  A goblin (D:2)
  5 hobgoblins
  6 kobolds
  3 quokkas
  5 ball pythons
  6 frilled lizards
  4 rats
54 creatures vanquished.

Vanquished Creatures (others)
  166 foxfires
  12 plants (D:1)
178 creatures vanquished.

Grand Total: 232 creatures vanquished

Notes
Turn   | Place    | Note
-------+----------+-------------------------------------------
     0 | D:1      | DemonSlayer the Demonspawn Fire Elementalist began the
                  | quest for the Orb.
     0 | D:1      | Reached XP level 1. HP: 13/13 MP: 3/3
   291 | D:1      | Found Puahaj's General Store.
   499 | D:1      | Gained mutation: You are partially covered in slimy green
                  | scales. (AC +2) [demonic ancestry]
   499 | D:1      | Reached XP level 2. HP: 18/19 MP: 0/5
   502 | D:1      | Learned a level 2 spell: Scorch
   555 | D:1      | Found Disir's General Store.
   575 | D:1      | Found Plog's Magic Scroll Shop.
  1224 | D:1      | Found a faded altar of an unknown god.
  1352 | D:1      | Found Coadubbe's Jewellery Shop.
  1503 | D:1      | Found Buoxuanuwk's Antique Weapon Boutique.
  1869 | D:2      | Reached XP level 3. HP: 24/24 MP: 1/6
  2657 | D:2      | Learned a level 3 spell: Conjure Flame
  2906 | D:3      | Reached XP level 4. HP: 30/30 MP: 8/8
  3228 | D:3      | Reached skill level 1 in Slings
  3273 | D:3      | Killed from afar by an orc wizard

Illustrated notes

Levels and vault maps discovered:
D:1:      minmay_arrival_five_plusses, layout_loops_ring,
          dilly_ecumenical_altar_fadedgnrine, serial_shops, shop,
          nicolae_shop_temple_entry_statues_fountains, shop, shop,
          nicolae_diamond_shop
D:2:      layout_basic
D:3:      layout_rooms, hangedman_decor_growths, uniq_sigmund

Skill      XL: |  1  2  3  4 |
---------------+-------------+-----
Dodging        | 2 |  2.0
Fire Magic     | 3 |  3.5
Spellcasting   | 3 |  3.0
Conjurations   | 2 |  2.0
Slings         | 1 |  1.0
Fighting       | |  0.3
Short Blades   | |  0.8
Stealth        | |  1.9

Action                   |  1- 3 |  4- 6 || total
-------------------------+-------+-------++-------
Melee: Unarmed           |     8 |       ||     8
       Hand axe          |     1 |       ||     1
       Short sword       |     9 |     4 ||    13
 Fire: Hunting sling     |     9 |    43 ||    52
 Cast: Foxfire           |    92 |    12 ||   104
       Scorch            |     4 |       ||     4
Armor: Robe              |     3 |     8 ||    11
Dodge: Dodged            |    24 |    15 ||    39
